 Dungeon Crawl Stone Soup version 0.30-a0-711-gf4ac18a38d (webtiles) character file.

Game seed: 14635318451005381552

21 kae the Insei (level 2, 0/21 HPs)
             Began as a Demonspawn Transmuter on Jan 22, 2023.
             Slain by a goblin
             ... wielding a +1 dagger of speed
              (2 damage)
             ... on level 1 of the Dungeon.
             The game lasted 00:00:39 (684 turns).

kae the Insei (Demonspawn Transmuter)                Turns: 684, Time: 00:00:40

Health: 0/21       AC:  3    Str: 16    XL:     2   Next: 62%
Magic:  14/14      EV: 12    Int: 14    God:
Gold:   60         SH:  0    Dex: 13    Spells: 4/5 levels left

rFire   . . .      SeeInvis .      - Unarmed
rCold   . . .      Faith    .    (no shield)
rNeg    . . .      Spirit   .    a - +0 robe
rPois   .          Reflect  .    (no helmet)
rElec   .          Harm     .    (no cloak)
rCorr   .          Rampage  .    (no gloves)
Will    .....                    (no boots)
Stlth   +                        (no amulet)
HPRegen 0.23/turn                W - ring of magical power
MPRegen 0.14/turn                S - +6 ring of strength

@: no status effects
A: rugged brown scales 1
a: no special abilities


You were on level 1 of the Dungeon.
You visited 1 branch of the dungeon, and saw 2 of its levels.

You collected 60 gold pieces.


Innate Abilities, Weirdness & Mutations

You are partially covered in rugged brown scales. (AC +1, +3% HP)


   Skills:
 - Level 1.0 Fighting
 - Level 1.7 Dodging
 + Level 2.9 Unarmed Combat
 + Level 2.2 Spellcasting
 * Level 2.4 Transmutations


You had 4 spell levels left.
You knew the following spells:

 Your Spells              Type           Power      Damage    Failure   Level
a - Beastly Appendage     Tmut           16%        N/A       9%          1

Your spell library contained the following spells:

 Spells                   Type           Power      Damage    Failure   Level
 Wereblood                Tmut           8%         N/A       13%         2
 Spider Form              Tmut/Pois      5%         N/A       38%         3
 Ice Form                 Ice/Tmut       5%         N/A       80%         4

Inventory:

Missiles
 e - 8 stones
Armour
 a - a +0 robe (worn)
Jewellery
 S - a +6 ring of strength (right hand)
   (You found it on level 1 of the Dungeon)
 W - a ring of magical power (left hand)
   (You found it on level 1 of the Dungeon)
Potions
 b - a potion of lignification {!q}
 c - a potion of haste {@q3}
 d - a potion of resistance {unknown}

Dungeon Overview and Level Annotations

Branches:
Dungeon (2/15) Zot: 11316

Altars:

Shops:
D:1

[ .##.#...####.....# #.............
###.##.#######...####............ #
#รท##.#....##....####.....#.....
##.##.#....##.....###.#.########
##.....#....#......##..#.########
.................โˆฉ........##.....
.............................###.
###..........#......#..#########. #
###...........@......#######...
#####......#.#.>g#.............#.
.........#.....###...............
#........##...................##.
#.............................##.
#..#...#.######..................
#.###..#..###......#...........#.
#.###..##..........#...........##
#..#..........................##


You could see a goblin.


Message History

It is a scroll of brand weapon.
You aren't carrying any weapons that can be branded.
As you read the scroll labelled TAOHUERPHAI, it crumbles to dust.
A profound silence engulfs you.
It was a scroll of silence.
Unknown command.
Done exploring.
Unknown command.
Done exploring.
Done exploring.
You start waiting.
Your hearing returns.
Done exploring.
You feel stronger.
S - a +6 ring of strength (right hand)
(D) Dungeon
Where to? (? - help)
There is a stone staircase leading down here.
You climb downwards.
The jackal barks! x2; The adder hisses angrily.
You hear a shout! x3
Found 11 gold pieces.
Found a stone staircase leading down.
There is a stone staircase leading up here.
There are monsters nearby!
Unknown command.
Casting: Beastly Appendage (safe; 10% risk of failure)
Confirm with . or Enter, or press ? or * to list all spells.
You grow a pair of large bovine horns.
Your feet morph into talons.
The jackal barks!
You hear a shout! x2
A goblin comes into view. It is wielding a +1 dagger of speed.
You hear a shout!
You hear an angry hiss. ๐Ÿ˜Ž MP[-1]
You lost 1 mp, and now have 13/14 mp.
You closely miss the adder. Your kick misses the adder.
The adder barely misses you.
You barely miss the adder. Your kick misses the adder.
Your headbutt misses the adder.
Your transformation is almost over.
The adder barely misses you. The jackal bites you. ๐Ÿ˜• HP[-3]
You take 3 damage, and now have 18/21 hp.
You hit the adder but do no damage. Your kick misses the adder.
The adder bites you. The jackal bites you.
The adder closely misses you. ๐Ÿ˜• HP[-2]
You take 2 damage, and now have 16/21 hp.
You hit the adder. Your kick misses the adder. You headbutt the adder.
The jackal closely misses you. The adder barely misses you.
Unknown command.
The adder barely misses you. The goblin barely misses you.
The goblin hits you with a +1 dagger of speed.
You climb upwards.
There is a stone staircase leading down here. ๐Ÿ˜ฎ HP[-1] MP[+1]
You take 1 damage, and now have 15/21 hp.
Your mp is fully restored (14).
Unknown command.
You hit the adder. Your kick misses the adder. Your headbutt misses the adder.
The adder bites you but does no damage. The jackal closely misses you.
The goblin hits you with a +1 dagger of speed. ๐Ÿ˜ฎ HP[-3]
You take 3 damage, and now have 12/21 hp.
You hit the adder. Your kick misses the adder. The adder closely misses you.
The jackal misses you.
The goblin hits you with a +1 dagger of speed.
The adder bites you.
* * * LOW HITPOINT WARNING * * *
The jackal bites you.
* * * LOW HITPOINT WARNING * * *
The goblin barely misses you. ๐Ÿ˜จ HP[-4]
You take 4 damage, and now have 8/21 hp.
You hit the adder. You claw the adder.
You kill the adder!
Your horns disappear.
Your talons disappear.
The goblin hits you but does no damage. The jackal bites you.
* * * LOW HITPOINT WARNING * * *
Unknown command.
The goblin closely misses you. The jackal bites you.
* * * LOW HITPOINT WARNING * * *
The goblin hits you with a +1 dagger of speed.
* * * LOW HITPOINT WARNING * * *
You see here an adder corpse. ๐Ÿ˜จ HP[-2]
You take 2 damage, and now have 6/21 hp.
You hit the jackal.
The jackal bites you but does no damage.
The goblin hits you with a +1 dagger of speed.
* * * LOW HITPOINT WARNING * * *
The jackal bites you but does no damage. ๐Ÿ˜ฑ HP[-2]
You take 2 damage, and now have 4/21 hp.
You hit the jackal.
You kill the jackal!
The goblin barely misses you. x2
You closely miss the goblin.
The goblin hits you with a +1 dagger of speed.
* * * LOW HITPOINT WARNING * * *
๐Ÿ˜ฑ HP[-3]
You take 3 damage, and now have 1/21 hp.
You hit the goblin but do no damage.
The goblin hits you with a +1 dagger of speed.
You die...

Skill      XL: |  1 |
---------------+----+-----
Transmutations | 2 |  2.4
Fighting       | |  1.0
Dodging        | |  1.7
Unarmed Combat | |  2.9
Spellcasting   | |  2.2

Action                     || total
---------------------------++-------
  Melee: Unarmed           ||    27
         Kick              ||     4
         Headbutt          ||     5
         Punch             ||     1
   Cast: Beastly Appendage ||     9
    Use: Scroll            ||     3
 Armour: Robe              ||     7
  Dodge: Dodged            ||    25

Levels and vault maps discovered:
D:1:      heliophobic_arrival_ceremonial_halls, layout_rooms, serial_shops,
          shop, minmay_crystal_water
D:2:      layout_basic, basic_altar

Notes
Turn   | Place    | Note
-------+----------+-------------------------------------------
     0 | D:1      | kae the Demonspawn Transmuter began the quest for the Orb.
     0 | D:1      | Reached XP level 1. HP: 15/15 MP: 3/3
     0 | D:1      | magus.rc [v1.11.3]
    77 | D:1      | Found Ceddual's Armour Emporium.
    83 | D:1      | Reached skill level 2 in Transmutations
   421 | D:1      | Gained mutation: You are partially covered in rugged brown
                  | scales. (AC +1, +3% HP) [demonic ancestry]
   421 | D:1      | Reached XP level 2. HP: 12/21 MP: 5/5
   681 | D:1      | HP: 4/21 [goblin/+1 dagger of speed (2)]
   683 | D:1      | HP: 1/21 [goblin/+1 dagger of speed (3)]
   684 | D:1      | Slain by a goblin

Vanquished Creatures
  An adder (D:1)
  An endoplasm (D:1)
  A hobgoblin (D:1)
  A jackal (D:1)
  3 quokkas (D:1)
  2 ball pythons (D:1)
  A frilled lizard (D:1)
  A kobold (D:1)
11 creatures vanquished.

Table legend:
 A = Non-vault XP
 B = Vault XP
 C = Vault XP percentage of total XP
 D = Non-vault monster count
 E = Vault monster count
 F = Vault count percentage of total count
                 A         B        C        D         E       F
            +---------+---------+-------+---------+---------+-------
      Total |      30 |       0 |   0.0 |      11 |       0 |   0.0
            +---------+---------+-------+---------+---------+-------
        D:1 |      30 |       0 |   0.0 |      11 |       0 |   0.0
            +---------+---------+-------+---------+---------+-------

Illustrated notes

Table legend:
 A = Kills in this place as a percentage of kills in entire the game.
 B = Kills by you in this place as a percentage of kills by you in the entire game.
 C = Kills by friends in this place as a percentage of kills by friends in the entire game.
 D = Other kills in this place as a percentage of other kills in the entire game.
 E = Experience gained in this place as a percentage of experience gained in the entire game.
 F = Experience gained in this place divided by the number of levels of this place that you have seen.
                   A       B       C       D       E      F
               +-------+-------+-------+-------+-------+----------------------
         Total | 100.0 | 100.0 |   N/A |   N/A | 100.0 |  15.0
       Dungeon | 100.0 | 100.0 |   N/A |   N/A | 100.0 |  15.0
               +-------+-------+-------+-------+-------+----------------------

Table legend: (Time is in decaauts)
 A = Elapsed time spent in this place.
 B = Non-inter-level travel time spent in this place.
 C = Inter-level travel time spent in this place.
 D = Time resting spent in this place.
 E = Time spent auto-exploring this place.
 F = Levels seen in this place.
 G = Mean time per level.
                   A        B        C        D        E       F      G
               +--------+--------+--------+--------+--------+-----+--------+
         Total |    682 |    662 |     20 |     35 |    536 |   2 |  341.0 |
       Dungeon |    682 |    662 |     20 |     35 |    536 |   2 |  341.0 |
               +--------+--------+--------+--------+--------+-----+--------+

Top non-repeatable levels by time:
     D:1: 675 daAuts
     D:2: 7 daAuts
